PIO (24 & UNDER)
EAU CLAIRE ESQUIRES @ SEATTLE RAINIERS
09/21/2029
 
TOP OF THE 1ST
Eau Claire Esquires batting - Pitching for Seattle Rainiers : RHP Sean Hart
Pitching: RHP Sean Hart
Batting: LHB Johnny Foley 0-0: Ball
1-0: Swinging Strike
1-1: Ball
2-1: Ball
3-1: Foul Ball, location: 2F
3-2: Foul Ball, location: 2F
3-2: Ground out 4-3 (Groundball, 34)
Batting: RHB Jason Smith 0-0: Swinging Strike
0-1: Fly out, F8 (Flyball, 89M)
Batting: RHB Jonathan Reynolds 0-0: Called Strike
0-1: Foul Ball, location: 2F
0-2: Ball
1-2: Ball
2-2: Strikes out swinging
Top of the 1st over - 0 runs, 0 hits, 0 errors, 0 left on base; Eau Claire 0 - Seattle 0
BOTTOM OF THE 1ST
Seattle Rainiers batting - Pitching for Eau Claire Esquires : RHP Ángel Gil
Pitching: RHP Ángel Gil
Batting: RHB Roberto Casas 0-0: Swinging Strike
0-1: Swinging Strike
0-2: Ball
1-2: Ground out 1-3 (Groundball, 13S)
Batting: RHB Jesús Vélez 0-0: Called Strike
0-1: Ball
1-1: Ball
2-1: Foul Ball, location: 2F
2-2: Strikes out looking
Batting: LHB Darren Cook 0-0: Called Strike
0-1: Foul Ball, location: 2F
0-2: Ball
1-2: Strikes out swinging
Bottom of the 1st over - 0 runs, 0 hits, 0 errors, 0 left on base; Eau Claire 0 - Seattle 0
TOP OF THE 2ND
Eau Claire Esquires batting - Pitching for Seattle Rainiers : RHP Sean Hart
Batting: RHB Silas Small 0-0: Ball
1-0: Ground out 4-3 (Groundball, 4)
Batting: RHB Luis Cherena 0-0: Swinging Strike
0-1: Called Strike
0-2: Ball
1-2: Foul Ball, location: 2F
1-2: Strikes out swinging
Batting: LHB Steve Arnold 0-0: SINGLE (Groundball, 4MD)
Batting: RHB Vincente Ramírez 0-0: Fielders Choice at 2nd, 5-4 (Groundball, 56)
Top of the 2nd over - 0 runs, 1 hit, 0 errors, 1 left on base; Eau Claire 0 - Seattle 0
BOTTOM OF THE 2ND
Seattle Rainiers batting - Pitching for Eau Claire Esquires : RHP Ángel Gil
Batting: LHB David Hernández 0-0: Ball
1-0: Foul Ball, location: 2F
1-1: DOUBLE (Groundball, 3L)
Batting: RHB Jesús Ortíz 0-0: Ball
1-0: Ball
2-0: Foul Ball, location: 2F
2-1: Ball
3-1: Base on Balls
Batting: RHB John Eaves 0-0: Called Strike
0-1: Called Strike
0-2: Fly out, F3 (Popup, 3SF)
Batting: RHB Chad Battle 0-0: Ball
David Hernández steals 3rd base
Jesús Ortíz to second
1-0: Ground out 6-3 (Groundball, 6)
David Hernández scores
Jesús Ortíz to third
Batting: SHB Dwight Hill 0-0: Ball
1-0: SINGLE (Line Drive, 9S)
Jesús Ortíz scores
Batting: LHB Ramón Ramírez 0-0: Fielders Choice at 2nd, U6 (Groundball, 6M)
Bottom of the 2nd over - 2 runs, 2 hits, 0 errors, 1 left on base; Eau Claire 0 - Seattle 2
TOP OF THE 3RD
Eau Claire Esquires batting - Pitching for Seattle Rainiers : RHP Sean Hart
Batting: RHB Tom McBride 0-0: Ball
1-0: Fly out, F9 (Flyball, 89M)
Batting: RHB Nick McIntyre 0-0: Ball
1-0: Fly out, F3 (Popup, 3S)
Batting: LHB Johnny Foley 0-0: Foul Ball, location: 2F
0-1: Ball
1-1: Ball
2-1: Called Strike
2-2: Ground out 5-3 (Groundball, 56)
Top of the 3rd over - 0 runs, 0 hits, 0 errors, 0 left on base; Eau Claire 0 - Seattle 2
BOTTOM OF THE 3RD
Seattle Rainiers batting - Pitching for Eau Claire Esquires : RHP Ángel Gil
Batting: RHB Roberto Casas 0-0: Ball
1-0: Swinging Strike
1-1: Fly out, F9 (Flyball, 9D)
Batting: RHB Jesús Vélez 0-0: Called Strike
0-1: Swinging Strike
0-2: Strikes out swinging
Batting: LHB Darren Cook 0-0: Ball
1-0: DOUBLE (Groundball, 3L)
Batting: LHB David Hernández 0-0: Fly out, F8 (Flyball, 8LM)
Bottom of the 3rd over - 0 runs, 1 hit, 0 errors, 1 left on base; Eau Claire 0 - Seattle 2
TOP OF THE 4TH
Eau Claire Esquires batting - Pitching for Seattle Rainiers : RHP Sean Hart
Batting: RHB Jason Smith 0-0: Ball
1-0: Ball
2-0: SINGLE (Groundball, 25) (infield hit)
Batting: RHB Jonathan Reynolds 0-0: Ball
1-0: Ball
2-0: 2-RUN HOME RUN (Line Drive, 9LD), Distance : 353 ft
Batting: RHB Silas Small 0-0: Called Strike
0-1: Swinging Strike
0-2: Ball
1-2: Strikes out swinging
Batting: RHB Luis Cherena 0-0: Fly out, F7 (Line Drive, 7S)
Batting: LHB Steve Arnold 0-0: Swinging Strike
0-1: Ball
1-1: Swinging Strike
1-2: Ball
2-2: Ball
3-2: Ground out U3 (Groundball, 3S)
Top of the 4th over - 2 runs, 2 hits, 0 errors, 0 left on base; Eau Claire 2 - Seattle 2
BOTTOM OF THE 4TH
Seattle Rainiers batting - Pitching for Eau Claire Esquires : RHP Ángel Gil
Batting: RHB Jesús Ortíz 0-0: Ball
1-0: Called Strike
1-1: Foul Ball, location: 2F
1-2: Foul Ball, location: 2F
1-2: Strikes out looking
Batting: RHB John Eaves 0-0: Ground out 5-3 (Groundball, 56)
Batting: RHB Chad Battle 0-0: Ball
1-0: Ball
2-0: Ball
3-0: Called Strike
3-1: Foul Ball, location: 2F
3-2: Strikes out looking
Bottom of the 4th over - 0 runs, 0 hits, 0 errors, 0 left on base; Eau Claire 2 - Seattle 2
TOP OF THE 5TH
Eau Claire Esquires batting - Pitching for Seattle Rainiers : RHP Sean Hart
Batting: RHB Vincente Ramírez 0-0: Called Strike
0-1: Bunt missed!
0-2: Ball
1-2: Fly out, F8 (Line Drive, 8RD)
Batting: RHB Tom McBride 0-0: Swinging Strike
0-1: Ball
1-1: Foul Ball, location: 2F
1-2: Foul Ball, location: 2F
1-2: Foul Ball, location: 2F
1-2: Ball
2-2: Strikes out looking
Batting: RHB Nick McIntyre 0-0: Foul Ball, location: 2F
0-1: Ball
1-1: Ball
2-1: Ball
3-1: Called Strike
3-2: Strikes out looking
Top of the 5th over - 0 runs, 0 hits, 0 errors, 0 left on base; Eau Claire 2 - Seattle 2
BOTTOM OF THE 5TH
Seattle Rainiers batting - Pitching for Eau Claire Esquires : RHP Ángel Gil
Batting: SHB Dwight Hill 0-0: Ground out 4-3 (Groundball, 4)
Batting: LHB Ramón Ramírez 0-0: Ball
1-0: Ground out U3 (Groundball, 34S)
Batting: RHB Roberto Casas 0-0: Called Strike
0-1: Swinging Strike
0-2: Strikes out swinging
Bottom of the 5th over - 0 runs, 0 hits, 0 errors, 0 left on base; Eau Claire 2 - Seattle 2
TOP OF THE 6TH
Eau Claire Esquires batting - Pitching for Seattle Rainiers : RHP Sean Hart
Batting: LHB Johnny Foley 0-0: Called Strike
0-1: Ball
1-1: Ball
2-1: Called Strike
2-2: Ground out 4-3 (Groundball, 4)
Batting: RHB Jason Smith 0-0: Foul Ball, location: 2F
0-1: Ball
1-1: Hit by Pitch
Batting: RHB Jonathan Reynolds 0-0: Foul Ball, location: 2F
0-1: Ball
1-1: Ball
2-1: Ball
3-1: Base on Balls
Jason Smith to second
Batting: RHB Silas Small 0-0: Ball
1-0: Swinging Strike
1-1: Swinging Strike
1-2: Strikes out swinging
Batting: RHB Luis Cherena 0-0: Called Strike
0-1: Called Strike
0-2: Ball
1-2: Fly out, F8 (Flyball, 8LS)
Top of the 6th over - 0 runs, 0 hits, 0 errors, 2 left on base; Eau Claire 2 - Seattle 2
BOTTOM OF THE 6TH
Seattle Rainiers batting - Pitching for Eau Claire Esquires : RHP Ángel Gil
Batting: RHB Jesús Vélez 0-0: Ball
1-0: Called Strike
1-1: Foul Ball, location: 2F
1-2: Ball
2-2: Foul Ball, location: 2F
2-2: Foul Ball, location: 2F
2-2: Foul Ball, location: 2F
2-2: Ball
3-2: Foul Ball, location: 2F
3-2: Base on Balls
Batting: LHB Darren Cook 0-0: Called Strike
0-1: Ball
1-1: Ball
2-1: Foul Ball, location: 2F
2-2: Fielders Choice at 2nd, 4-6 (Groundball, 4)
Batting: LHB David Hernández 0-0: Ball
1-0: Called Strike
1-1: Called Strike
Darren Cook steals 2nd base
1-2: Foul Ball, location: 2F
1-2: Ball
2-2: Ground out 4-3 (Groundball, 34D)
Darren Cook to third
Batting: RHB Jesús Ortíz 0-0: Called Strike
0-1: Called Strike
0-2: Ball
1-2: Foul Ball, location: 2F
1-2: Foul Ball, location: 2F
1-2: Fly out, F9 (Flyball, 89M)
Bottom of the 6th over - 0 runs, 0 hits, 0 errors, 1 left on base; Eau Claire 2 - Seattle 2
TOP OF THE 7TH
Eau Claire Esquires batting - Pitching for Seattle Rainiers : RHP Sean Hart
Batting: LHB Steve Arnold 0-0: Ball
1-0: Swinging Strike
1-1: SINGLE (Flyball, 89S)
Pinch Hitting: LHB Paul Lee 0-0: Sac Bunt - play at first, batter OUT! 3-4
Steve Arnold to second
Batting: RHB Tom McBride 0-0: Intentional Walk
Pinch Hitting: RHB Juan Martínez 0-0: Foul Ball, location: 2F
0-1: Ball
1-1: Fly out, F9 (Flyball, 89S)
Batting: LHB Johnny Foley 0-0: Ball
1-0: Foul Ball, location: 2F
1-1: Foul Ball, location: 2F
1-2: SINGLE (Line Drive, 6D)
Steve Arnold to third
Tom McBride to second
Batting: RHB Jason Smith 0-0: Ball
1-0: Called Strike
1-1: Foul Ball, location: 2F
1-2: Ball
2-2: Ground out 1-3 (Groundball, 13)
Top of the 7th over - 0 runs, 2 hits, 0 errors, 3 left on base; Eau Claire 2 - Seattle 2
BOTTOM OF THE 7TH
Seattle Rainiers batting - Pitching for Eau Claire Esquires : RHP Ángel Gil
Now at 1B: Juan Martínez
Now at 2B: Jorge Garza
Pinch Hitting: LHB Pedro Camacho 0-0: Swinging Strike
0-1: Ball
1-1: Swinging Strike
1-2: Strikes out swinging
Batting: RHB Chad Battle 0-0: Foul Ball, location: 2F
0-1: Swinging Strike
0-2: Strikes out swinging
Pinch Hitting: RHB Steve Smith 0-0: Called Strike
0-1: Ball
1-1: Fly out, F8 (Line Drive, 8LD)
Bottom of the 7th over - 0 runs, 0 hits, 0 errors, 0 left on base; Eau Claire 2 - Seattle 2
TOP OF THE 8TH
Eau Claire Esquires batting - Pitching for Seattle Rainiers : RHP Sean Hart
Pitching: RHP Mark Owens
Now at 1B: Pedro Camacho
Now at 3B: Jeff Lawrence
Batting: RHB Jonathan Reynolds 0-0: Ball
1-0: Foul Ball, location: 2F
1-1: Foul Ball, location: 2F
1-2: Strikes out swinging
Batting: RHB Silas Small 0-0: Ball
1-0: Ball
2-0: Ball
3-0: Called Strike
3-1: Swinging Strike
3-2: Base on Balls
Batting: RHB Luis Cherena 0-0: Ball
1-0: SINGLE (Groundball, 56D)
Silas Small to second
Batting: LHB Steve Arnold 0-0: Foul Ball, location: 2F
0-1: Grounds into double play, 4-6-3 (Groundball, 4)
Top of the 8th over - 0 runs, 1 hit, 0 errors, 1 left on base; Eau Claire 2 - Seattle 2
BOTTOM OF THE 8TH
Seattle Rainiers batting - Pitching for Eau Claire Esquires : RHP Ángel Gil
Pinch Hitting: SHB Vicente Pagán 0-0: Swinging Strike
0-1: Ball
1-1: Foul Ball, location: 2F
1-2: Foul Ball, location: 2F
1-2: Strikes out swinging
Pinch Hitting: LHB Arnold Bernard 0-0: Ground out 1-3 (Groundball, P)
Pinch Hitting: LHB Pedro Palliagua 0-0: Ball
1-0: Ball
2-0: Foul Ball, location: 2F
2-1: Called Strike
2-2: Ball
3-2: Foul Ball, location: 2F
3-2: Strikes out swinging
Bottom of the 8th over - 0 runs, 0 hits, 0 errors, 0 left on base; Eau Claire 2 - Seattle 2
TOP OF THE 9TH
Eau Claire Esquires batting - Pitching for Seattle Rainiers : RHP Mark Owens
Now at 1B: Vicente Pagán
Now at 2B: Pedro Palliagua
Now in LF: Arnold Bernard
Batting: RHB Jorge Garza 0-0: Ball
1-0: Called Strike
1-1: Called Strike
1-2: Ball
2-2: Strikes out looking
Batting: RHB Tom McBride 0-0: Ball
1-0: Called Strike
1-1: Fly out, F3 (Popup, 34S)
Batting: RHB Juan Martínez 0-0: Swinging Strike
0-1: Ball
1-1: Ball
2-1: Called Strike
2-2: Ball
3-2: Strikes out swinging
Top of the 9th over - 0 runs, 0 hits, 0 errors, 0 left on base; Eau Claire 2 - Seattle 2
BOTTOM OF THE 9TH
Seattle Rainiers batting - Pitching for Eau Claire Esquires : RHP Ángel Gil
Pitching: RHP Sam Faulkner
Batting: LHB Darren Cook 0-0: Ball
1-0: Ball
2-0: Ball
3-0: Base on Balls
Batting: LHB David Hernández 0-0: Called Strike
0-1: Ball
1-1: Ball
2-1: Fielders Choice at 2nd, 4-6 (Groundball, 4)
Batting: RHB Jesús Ortíz 0-0: Ball
1-0: Called Strike
1-1: SINGLE (Groundball, 34D)
David Hernández to second
Runner from 2nd tries for 3rd, SAFE, throw made to third
Batting: LHB Pedro Camacho 0-0: Ball
1-0: Foul Ball, location: 2F
1-1: Swinging Strike
1-2: Ball
2-2: Foul Ball, location: 2F
2-2: Foul Ball, location: 2F
2-2: Ball
3-2: Strikes out looking
Batting: RHB Chad Battle 0-0: Foul Ball, location: 2F
0-1: SINGLE (Line Drive, 34D)
David Hernández scores
Saturday, December 16th, 2017 - OOTP Baseball 18.8 Build 76